[Event "Titled Tuesday Blitz February 22 Late 2022"]
[White "Matinian, Nikita"]
[Black "Xiong, Jeffery"]
[WhiteFideId "24129100"]
[BlackFideId "2047640"]
[WhiteElo "2422"]
[BlackElo "2727"]
[Result "0-1"]
[Round "03"]
[TimeControl "180+1"]
[Date "2022.02.22"]
[WhiteClock "0:00:02"]
[BlackClock "0:00:06"]

1. e4 c5 2. Nc3 d6 3. f4 g6 4. Nf3 Bg7 5. Bb5+ Bd7 6. Bc4 Nc6 7. d3 Na5 8. Bd2 e6 9. Qe2 Ne7 10. g4 h5 11. gxh5 Rxh5 12. O-O-O a6 13. f5 gxf5 14. Rhg1 Bf8 15. Ng5 Rh6 16. Nxf7 Kxf7 17. Bxh6 Bxh6+ 18. Kb1 Qh8 19. Rdf1 Nxc4 20. dxc4 Bg7 21. exf5 Nxf5 22. Ne4 Be5 23. Qg2 Rg8 24. Ng3 Bc6 25. Qe2 Bxg3 26. hxg3 Ke7 27. Rxf5 Qd4 28. Rff1 Rg4 29. Qd3 Qg7 30. b3 b5 31. Rd1 Qe5 32. Rge1 Qxg3 33. Qh7+ Rg7 34. Qh6 Qg6 35. Qh4+ Kd7 36. cxb5 axb5 37. Qf4 Bd5 38. Qe3 Kc6 39. Rg1 Qh7 40. Rxg7 Qxg7 41. Rg1 Qh7 42. Qg5 Be4 43. Qd2 b4 44. Re1 Bd5 45. Qe2 Qh4 46. Qa6+ Kc7 47. Rg1 Qd4 48. Re1 Qf2 49. Qf1 Qh4 50. Qf7+ Kb6 51. Rg1 Qd4 52. Qg7 e5 53. Qg5 Be4 54. Qc1 Qf2 55. Rd1 Kc6 56. Qd2 Qf6 57. Qe2 Qg6 58. Qa6+ Kc7 59. Rd2 Bb7 60. Qa5+ Kc6 61. Qd8 Qh6 62. Rd1 Qe6 63. Qg5 Kb6 64. Qd2 Kc7 65. Re1 Qg6 66. Rf1 Be4 67. Re1 Kc6 68. Qe2 Bd5 69. Qa6+ Kc7 70. Rd1 Bb7 71. Qa5+ Kc6 72. Qd8 Qh6 73. Kb2 Qe6 74. Re1 Qg6 75. Rd1 Qe6 76. Rd2 Qg6 77. a3 bxa3+ 78. Kxa3 Qe6 79. Kb2 e4 80. Qa5 Qe5+ 81. c3 e3 82. Qa4+ Kb6 83. Re2 Ba6 84. Re1 Qh2+ 85. Kb1 Qd2 86. Rc1 Bd3+ 0-1


[Site "https://www.chess.com"]

[Event "Titled Tuesday Blitz February 22 Late 2022"]
[White "Mekhitarian, Krikor Sevag"]
[Black "Martirosyan, Haik M."]
[WhiteFideId "2107660"]
[BlackFideId "13306553"]
[WhiteElo "2598"]
[BlackElo "2735"]
[Result "1-0"]
[Round "03"]
[TimeControl "180+1"]
[Date "2022.02.22"]
[WhiteClock "0:00:18"]
[BlackClock "0:00:45"]

1. e4 e6 2. d4 d5 3. Nd2 c5 4. Ngf3 cxd4 5. Nxd4 Nc6 6. Bb5 Bd7 7. Nxc6 bxc6 8. Bd3 Ne7 9. c4 Ng6 10. O-O dxe4 11. Nxe4 Be7 12. Be3 O-O 13. Bc2 e5 14. Nc5 Bc8 15. Qxd8 Rxd8 16. Rfd1 Bg4 17. f3 Bxc5 18. Bxc5 Be6 19. b3 a6 20. Be4 Rxd1+ 21. Rxd1 Rc8 22. Rd6 f5 23. Bxc6 Kf7 24. Bd5 Bxd5 25. Rxd5 Nf4 26. Rd7+ Ke6 27. Rd6+ Kf7 28. Be3 Ne2+ 29. Kf2 Nc3 30. Bd2 Nb1 31. Ke2 Ra8 32. Ba5 Ke7 33. Rd1 Na3 34. Bb4+ 1-0


[Site "https://www.chess.com"]

[Event "Titled Tuesday Blitz February 22 Late 2022"]
[White "Melian, Juan Sebastian"]
[Black "Vlassov, Nikolai"]
[WhiteFideId "3706575"]
[BlackFideId "4103360"]
[WhiteElo "1842"]
[BlackElo "2407"]
[Result "0-1"]
[Round "03"]
[TimeControl "180+1"]
[Date "2022.02.23"]
[WhiteClock "0:00:04"]
[BlackClock "0:00:24"]

1. b3 e5 2. Bb2 Nc6 3. e3 d5 4. c4 d4 5. g3 h5 6. h3 h4 7. g4 f5 8. gxf5 Bxf5 9. d3 dxe3 10. fxe3 Qg5 11. Qf3 O-O-O 12. e4 Bb4+ 13. Kd1 Bg6 14. Be2 Nf6 15. Kc2 Rhf8 16. a3 Bc5 17. Nd2 Kb8 18. Rh2 Bxg1 19. Rg2 Qxd2+ 20. Kxd2 Nxe4+ 21. Kc2 Rxf3 22. Bxf3 Ng3 23. Raxg1 Bxd3+ 24. Kc1 e4 25. Bd1 g5 26. Bf6 Rg8 27. Rxg3 hxg3 28. Rxg3 a5 29. Rxg5 Rf8 30. Bc3 Rf1 31. Kd2 a4 32. bxa4 Bxc4 33. Re5 Nxe5 34. Bxe5 Rh1 35. Bg4 Bf1 36. Ke3 Bxh3 37. Bxh3 Rxh3+ 38. Kxe4 Rxa3 39. a5 Rxa5 40. Bc3 Ra4+ 41. Kd5 c6+ 42. Kc5 Ka7 43. Bd4 Ka6 44. Kd6 Rxd4+ 45. Kc5 Rd5+ 46. Kb4 b5 0-1


[Site "https://www.chess.com"]

[Event "Titled Tuesday Blitz February 22 Late 2022"]
[White "Mickiewicz, Piotr"]
[Black "Goltsev, Dmitry"]
[WhiteFideId "1114891"]
[BlackFideId "24176710"]
[WhiteElo "2266"]
[BlackElo "2273"]
[Result "0-1"]
[Round "03"]
[TimeControl "180+1"]
[Date "2022.02.23"]
[WhiteClock "0:00:19"]
[BlackClock "0:00:14"]

1. Nf3 d5 2. b3 c6 3. Bb2 Nf6 4. e3 g6 5. Be2 Bg7 6. O-O O-O 7. c4 e6 8. Qc2 Nbd7 9. a3 Re8 10. b4 e5 11. d3 e4 12. Nfd2 exd3 13. Bxd3 Ne5 14. Be2 Bf5 15. Qb3 dxc4 16. Nxc4 Nxc4 17. Bxc4 Be6 18. Bxe6 Rxe6 19. Rd1 Qe7 20. Nc3 Re8 21. Rd2 Nd7 22. Rad1 Ne5 23. Ne4 b6 24. Nd6 Rf8 25. h3 c5 26. bxc5 bxc5 27. Bxe5 Bxe5 28. Nc4 Rb8 29. Qa4 Qh4 30. Qc2 Rbe8 31. Rd5 g5 32. Nxe5 Rxe5 33. Qxc5 Rxd5 34. Rxd5 h6 35. Qd4 Qh5 36. h4 Qg6 37. hxg5 hxg5 38. Qg4 f6 39. Qd4 Qb1+ 40. Kh2 Qh7+ 41. Kg3 Qc7+ 42. Kf3 Re7 43. e4 Qf4+ 44. Ke2 Rxe4+ 45. Qe3 Rxe3+ 46. fxe3 Qc4+ 0-1


[Site "https://www.chess.com"]

[Event "Titled Tuesday Blitz February 22 Late 2022"]
[White "Migot, Tangi"]
[Black "Fajdetic, Hrvoje"]
[WhiteFideId "662445"]
[BlackFideId "14501945"]
[WhiteElo "2515"]
[BlackElo "2140"]
[Result "1-0"]
[Round "03"]
[TimeControl "180+1"]
[Date "2022.02.23"]
[WhiteClock "0:00:18"]
[BlackClock "0:00:30"]

1. Nf3 f5 2. c3 Nf6 3. Qb3 e6 4. d4 Be7 5. Bg5 O-O 6. Bxf6 Bxf6 7. Nbd2 d5 8. h3 b6 9. g4 c6 10. e3 Ba6 11. O-O-O Bxf1 12. Rdxf1 a5 13. Qc2 Qd7 14. g5 Be7 15. Ne5 Qb7 16. g6 h6 17. f3 Nd7 18. Nd3 c5 19. dxc5 bxc5 20. c4 d4 21. Re1 Ra6 22. Rh2 e5 23. exd4 cxd4 24. Rhe2 Rxg6 25. Nxe5 Nxe5 26. Rxe5 Bg5 27. Kb1 Be3 28. Rxf5 Rxf5 29. Qxf5 Rg2 30. Qe6+ Kh8 31. Qe8+ Kh7 32. Qe4+ Qxe4+ 33. Nxe4 Rh2 34. c5 Rxh3 35. c6 Bf4 36. Rd1 Rxf3 37. Rxd4 Rf1+ 38. Kc2 Rc1+ 39. Kb3 Rxc6 40. Rc4 Rb6+ 41. Kc2 Be5 42. b3 g5 43. Rc5 Bg7 44. Rxa5 g4 45. a4 Rb4 46. Ng3 Rf4 47. Ra7 Kg6 48. Rxg7+ Kxg7 49. Nh5+ Kg6 50. Nxf4+ Kf5 51. Ng2 Ke4 52. a5 Kd5 53. b4 Kc6 54. Kc3 Kb5 55. Kb3 h5 56. Kc3 g3 57. Nh4 Kc6 58. Kc4 Kb7 59. b5 Ka7 60. Kc5 Kb7 61. b6 Ka6 62. Kc6 Kxa5 63. b7 Kb4 64. b8=Q+ Kc4 65. Qxg3 1-0


[Site "https://www.chess.com"]

[Event "Titled Tuesday Blitz February 22 Late 2022"]
[White "Mirzoev, Azer"]
[Black "Mahajan, Rushaan"]
[WhiteFideId "13400304"]
[BlackFideId "30934222"]
[WhiteElo "2525"]
[BlackElo "1897"]
[Result "1-0"]
[Round "03"]
[TimeControl "180+1"]
[Date "2022.02.23"]
[WhiteClock "0:00:07"]
[BlackClock "0:00:04"]

1. f4 d5 2. Nf3 Nf6 3. g3 g6 4. Bg2 Bg7 5. O-O O-O 6. d3 c5 7. Nc3 Nc6 8. e4 dxe4 9. dxe4 Qxd1 10. Rxd1 Bg4 11. Re1 Bxf3 12. Bxf3 Nd4 13. Bd1 e5 14. Kg2 Rfe8 15. fxe5 Rxe5 16. Bf4 Re6 17. e5 Nh5 18. Nd5 Rd8 19. c4 Nxf4+ 20. gxf4 h5 21. Rf1 b5 22. b3 bxc4 23. bxc4 Rb8 24. Rf2 Ra6 25. a4 Nc6 26. Ra3 Nb4 27. Bf3 Nc6 28. Be4 Nd4 29. a5 Rb3 30. Rxb3 Nxb3 31. Rb2 Nd4 32. Rb8+ Kh7 33. Rb7 Kg8 34. Ne7+ Kf8 35. Nc8 Rxa5 36. Bd5 Ra2+ 37. Kf1 Ra1+ 38. Kf2 Ra2+ 39. Ke1 Ne6 40. Nd6 Nxf4 41. Rxf7+ Kg8 42. Rxf4+ Kh7 43. Nf7 Bh6 44. Nxh6 Kxh6 45. e6 Ra3 46. Re4 Ra1+ 47. Kd2 Rf1 48. e7 Rf2+ 49. Re2 Rf8 50. exf8=Q+ Kh7 51. Re7# 1-0


[Site "https://www.chess.com"]

[Event "Titled Tuesday Blitz February 22 Late 2022"]
[White "Moroni, Luca Jr"]
[Black "Perez Gormaz, Matias"]
[WhiteFideId "865834"]
[BlackFideId "3406342"]
[WhiteElo "2573"]
[BlackElo "2352"]
[Result "1-0"]
[Round "03"]
[TimeControl "180+1"]
[Date "2022.02.22"]
[WhiteClock "0:00:40"]
[BlackClock "0:00:24"]

1. d4 d5 2. Bf4 Nf6 3. e3 e6 4. Nf3 c5 5. c3 Nc6 6. Nbd2 cxd4 7. exd4 Nh5 8. Be3 Bd6 9. Bd3 g6 10. O-O O-O 11. Bh6 Re8 12. Re1 Bd7 13. Nf1 Qc7 14. Ng3 Nf4 15. Bf1 Rab8 16. Qd2 f6 17. c4 dxc4 18. Bxc4 Nd5 19. a3 Na5 20. Ba2 Nc4 21. Qe2 b5 22. Ne4 Bf8 23. Bxf8 Rxf8 24. Rac1 Rbe8 25. b3 Nf4 26. Qf1 Qa5 27. bxc4 b4 28. Nc5 Bc8 29. g3 Nh5 30. Qd3 e5 31. axb4 Qxa2 32. Ra1 Bf5 33. Rxa2 Bxd3 34. Nxd3 e4 35. Rae2 1-0


[Site "https://www.chess.com"]

[Event "Titled Tuesday Blitz February 22 Late 2022"]
[White "Mortazavi, Ali"]
[Black "Papasimakopoulos, Alexandros"]
[WhiteFideId "401323"]
[BlackFideId "4244125"]
[WhiteElo "2339"]
[BlackElo "2340"]
[Result "0-1"]
[Round "03"]
[TimeControl "180+1"]
[Date "2022.02.23"]
[WhiteClock "0:00:10"]
[BlackClock "0:00:12"]

1. Nf3 d5 2. g3 Nc6 3. Bg2 e5 4. d3 f5 5. O-O Nf6 6. c4 dxc4 7. Qa4 Bd7 8. Qxc4 Bd6 9. Nc3 h6 10. e4 Qe7 11. Qb3 O-O-O 12. Nd5 Nxd5 13. exd5 Nb4 14. Re1 Qf6 15. Bd2 Na6 16. Bc3 Rhe8 17. Rac1 g5 18. Nd2 Kb8 19. Nc4 Nc5 20. Qc2 f4 21. Nxe5 Bxe5 22. Rxe5 Rxe5 23. d4 fxg3 24. hxg3 Ree8 25. dxc5 Qf5 26. Qb3 Qd3 27. c6 Bc8 28. cxb7 Bxb7 29. d6 c6 30. Bxc6 Qa6 31. Ba5 Rc8 32. Bc7+ Ka8 33. Bxe8 Qxd6 34. Qxb7+ Kxb7 35. Bxd6 Rxc1+ 36. Kg2 Rc2 37. Be5 Re2 38. Bg7 Rxe8 39. Bxh6 g4 40. Be3 Rc8 41. Kf1 Rc2 42. Bd4 a6 43. Ke1 Kc6 44. Kd1 Rc4 45. Bc3 Kd5 46. Kd2 Ke4 47. Ke2 Rc6 48. Kd2 Rc7 49. Ke2 Rf7 50. Bd2 Rb7 51. Bc3 a5 52. a3 a4 53. Ke1 Kd3 54. Kf1 Kc2 55. Kg2 Rf7 56. Be5 Rf3 57. Bd4 Kd3 58. Bg7 Ke2 59. Bc3 Rxf2+ 60. Kg1 Kf3 61. Bd4 Rg2+ 62. Kh1 Rxg3 63. b3 axb3 64. a4 Rh3+ 0-1


[Site "https://www.chess.com"]

[Event "Titled Tuesday Blitz February 22 Late 2022"]
[White "Muradli, Mahammad"]
[Black "Avramidou, Anastasia"]
[WhiteFideId "13409301"]
[BlackFideId "4239873"]
[WhiteElo "2645"]
[BlackElo "2183"]
[Result "1-0"]
[Round "03"]
[TimeControl "180+1"]
[Date "2022.02.23"]
[WhiteClock "0:00:53"]
[BlackClock "0:00:13"]

1. Nf3 Nf6 2. g3 g6 3. b3 Bg7 4. Bb2 O-O 5. Bg2 d5 6. O-O c5 7. c4 d4 8. b4 Nc6 9. b5 Nb8 10. d3 Qc7 11. a4 e5 12. a5 h6 13. Nbd2 Re8 14. Re1 Nbd7 15. e4 Nf8 16. Nb3 Bg4 17. h3 Bd7 18. Nfd2 N6h7 19. Rf1 f5 20. exf5 gxf5 21. Qc2 Ng6 22. a6 e4 23. dxe4 f4 24. axb7 Rab8 25. Ra6 Re6 26. Nf3 fxg3 27. fxg3 Qxg3 28. Nxc5 Rxa6 29. bxa6 Bxh3 30. Qf2 Qg4 31. Nh2 Qg5 32. Bc1 Qxc5 33. Bxh3 Ng5 34. Bxg5 Qxg5+ 35. Kh1 Qe5 36. Qf7+ Kh8 37. Qxg6 1-0


[Site "https://www.chess.com"]

[Event "Titled Tuesday Blitz February 22 Late 2022"]
[White "Murzin, Volodar"]
[Black "Djokic, Mihailo"]
[WhiteFideId "44155573"]
[BlackFideId "976440"]
[WhiteElo "2585"]
[BlackElo "2008"]
[Result "0-1"]
[Round "03"]
[TimeControl "180+1"]
[Date "2022.02.23"]
[WhiteClock "0:00:03"]
[BlackClock "0:01:20"]

1. e4 c5 2. Nf3 d6 3. Bb5+ Bd7 4. Bxd7+ Qxd7 5. O-O Nc6 6. c3 Nf6 7. d4 cxd4 8. cxd4 d5 9. e5 Ne4 10. Ne1 f6 11. f3 Ng5 12. Be3 Nf7 13. f4 e6 14. Nc3 f5 15. Rc1 Rc8 16. Nd3 Be7 17. Kh1 O-O 18. Rg1 Kh8 19. g4 g6 20. Qe2 fxg4 21. Qxg4 Nh6 22. Qh3 Nf5 23. Rxg6 Ncxd4 24. Bxd4 Nxd4 25. Rh6 Rf7 26. Rh5 Nf5 27. Rg1 d4 28. Ne4 Qd5 29. Re1 Ne3 30. Qg3 Qxe4+ 0-1


[Site "https://www.chess.com"]

[Event "Titled Tuesday Blitz February 22 Late 2022"]
[White "Myers, Dominique"]
[Black "Romanchuk, Viktor"]
[WhiteFideId "2041715"]
[BlackFideId "14109271"]
[WhiteElo "1986"]
[BlackElo "2242"]
[Result "1-0"]
[Round "03"]
[TimeControl "180+1"]
[Date "2022.02.23"]
[WhiteClock "0:02:30"]
[BlackClock "0:00:44"]

1. e4 e6 2. d4 d5 3. Nd2 dxe4 4. Nxe4 Nd7 5. Nf3 Ngf6 6. Bd3 c5 7. Qe2 Nxe4 8. Bxe4 Nf6 9. Bg5 Qa5+ 10. Bd2 Qb6 11. Bc3 Bd7 12. dxc5 Bxc5 13. O-O-O O-O-O 14. Ne5 Bb5 15. Qf3 Nxe4 16. Qxe4 Bxf2 17. Nxf7 Qe3+ 18. Qxe3 Bxe3+ 19. Kb1 Rxd1+ 20. Rxd1 Rf8 21. Nd6+ 1-0


[Site "https://www.chess.com"]

[Event "Titled Tuesday Blitz February 22 Late 2022"]
[White "Nakamura, Hikaru"]
[Black "Dreev, Aleksey"]
[WhiteFideId "2016192"]
[BlackFideId "4100107"]
[WhiteElo "2850"]
[BlackElo "2636"]
[Result "1-0"]
[Round "03"]
[TimeControl "180+1"]
[Date "2022.02.22"]
[WhiteClock "0:00:58"]
[BlackClock "0:00:39"]

1. Nf3 Nf6 2. b3 g6 3. d4 Bg7 4. Bb2 O-O 5. e3 b6 6. Be2 Bb7 7. O-O e6 8. c4 d5 9. Nc3 Nbd7 10. cxd5 Nxd5 11. Nxd5 Bxd5 12. Qc2 Bb7 13. Rad1 Rc8 14. e4 Qe7 15. Rfe1 Rfd8 16. Bc4 Nf6 17. Ne5 a6 18. d5 b5 19. Bf1 exd5 20. exd5 Qf8 21. Nc6 Re8 22. Be5 Nxd5 23. Rxd5 Bxc6 24. Qxc6 Re6 25. Bxg7 1-0


[Site "https://www.chess.com"]

[Event "Titled Tuesday Blitz February 22 Late 2022"]
[White "Nesterov, Arseniy"]
[Black "Sevian, Samuel"]
[WhiteFideId "24198455"]
[BlackFideId "2040506"]
[WhiteElo "2489"]
[BlackElo "2698"]
[Result "1/2-1/2"]
[Round "03"]
[TimeControl "180+1"]
[Date "2022.02.22"]
[WhiteClock "0:00:38"]
[BlackClock "0:02:02"]

1. d4 Nf6 2. c4 e5 3. dxe5 Ng4 4. e3 Nxe5 5. Nh3 c6 6. Nf4 a6 7. Be2 b5 8. b3 Qf6 9. Nc3 Bb4 10. Bd2 Bxc3 11. Bxc3 Nf3+ 12. Bxf3 Qxc3+ 13. Ke2 bxc4 14. Rc1 Qa5 15. bxc4 Qxa2+ 16. Rc2 Qa3 17. Qd4 O-O 18. c5 a5 19. Ra1 Ba6+ 20. Kd2 Qb4+ 21. Qxb4 axb4 22. Rb2 d6 23. cxd6 Rd8 24. Rxb4 Rxd6+ 25. Rd4 Rxd4+ 26. exd4 Kf8 27. Nd3 Bb7 28. Rxa8 Bxa8 29. Nc5 Ke7 30. Kc3 Nd7 31. Kb4 Kd6 32. Nxd7 Kxd7 33. Kc5 Kc7 34. h4 h6 35. g3 f6 36. Be4 Bb7 37. f4 Ba8 38. Bf3 Bb7 39. h5 Ba8 40. d5 cxd5 41. Bxd5 Bxd5 42. Kxd5 Kd7 43. f5 Ke7 44. Kc6 Ke8 45. Kd6 Kd8 46. Ke6 Ke8 47. g4 Kf8 48. Kd7 Kf7 49. Kd8 Kf8 50. Kd7 Kf7 51. Kd8 Kf8 52. Kd7 1/2-1/2


[Site "https://www.chess.com"]

[Event "Titled Tuesday Blitz February 22 Late 2022"]
[White "Niemann, Hans Moke"]
[Black "Kushko, Dmitriy"]
[WhiteFideId "2093596"]
[BlackFideId "14162261"]
[WhiteElo "2636"]
[BlackElo "2225"]
[Result "1-0"]
[Round "03"]
[TimeControl "180+1"]
[Date "2022.02.23"]
[WhiteClock "0:00:59"]
[BlackClock "0:00:04"]

1. d4 g6 2. Nc3 d6 3. e4 Nf6 4. Nf3 Bg7 5. Be2 O-O 6. O-O c6 7. a4 Qc7 8. h3 Nbd7 9. Be3 b6 10. Re1 Bb7 11. Qd2 Rfd8 12. Rad1 a6 13. Bh6 b5 14. Bxg7 Kxg7 15. axb5 cxb5 16. Bd3 e5 17. d5 Nc5 18. b4 Ncd7 19. Ne2 Nb6 20. Ng3 Bc8 21. Nh4 h6 22. f4 Qe7 23. fxe5 Qxe5 24. Qf2 Nbd7 25. Nf3 Qe7 26. Rf1 Ne5 27. Ne2 Nxf3+ 28. Qxf3 Nd7 29. Nd4 Ne5 30. Qg3 Qg5 31. Qxg5 hxg5 32. Ra1 Bd7 33. Ra3 Rdb8 34. Rfa1 Rb6 35. Kf2 Kf6 36. Ke3 Ke7 37. Nf3 f6 38. Nd4 Kd8 39. Rf1 Ke8 40. Rxf6 Ke7 41. Rf1 Rc8 42. Rfa1 Ra8 43. Be2 Kd8 44. Nf3 Nxf3 45. gxf3 Kc7 46. Rg1 Bxh3 47. Rxg5 Rg8 48. f4 Bd7 49. Kd4 Kb7 50. f5 Ka7 51. Rxg6 Rbb8 52. Rag3 Rxg6 53. Rxg6 1-0


[Site "https://www.chess.com"]

[Event "Titled Tuesday Blitz February 22 Late 2022"]
[White "Nikologorsky, Matfei"]
[Black "Golubev, Mikhail"]
[WhiteFideId "24102474"]
[BlackFideId "14100983"]
[WhiteElo "2231"]
[BlackElo "2374"]
[Result "0-1"]
[Round "03"]
[TimeControl "180+1"]
[Date "2022.02.23"]
[WhiteClock "0:00:49"]
[BlackClock "0:01:18"]

1. e4 c5 2. Nf3 d6 3. d4 cxd4 4. Nxd4 Nf6 5. Nc3 g6 6. Be3 Bg7 7. f3 O-O 8. Qd2 Nc6 9. O-O-O d5 10. exd5 Nxd5 11. Nxc6 bxc6 12. Bd4 Bxd4 13. Qxd4 Qb6 14. Na4 Qa5 15. b3 Qc7 16. Bc4 Rd8 17. Kb2 Bf5 18. g4 Nb6 19. Nxb6 Rxd4 20. Nxa8 Qe5 21. Rxd4 Qxd4+ 22. Kb1 Bc8 23. Re1 e6 24. Kc1 Bb7 25. Nc7 Qd8 26. Na6 Bxa6 27. Bxa6 Qa5 0-1


[Site "https://www.chess.com"]

[Event "Titled Tuesday Blitz February 22 Late 2022"]
[White "Noboa Silva, Kevin"]
[Black "Prohorov, Olexandr"]
[WhiteFideId "3618471"]
[BlackFideId "14105578"]
[WhiteElo "2161"]
[BlackElo "1993"]
[Result "1-0"]
[Round "03"]
[TimeControl "180+1"]
[Date "2022.02.23"]
[WhiteClock "0:01:23"]
[BlackClock "0:01:01"]

1. d4 g6 2. e4 Bg7 3. Nf3 c5 4. c3 cxd4 5. cxd4 d5 6. e5 Bg4 7. Bb5+ Nc6 8. Bxc6+ bxc6 9. Nbd2 Nh6 10. O-O O-O 11. h3 Bxf3 12. Nxf3 f6 13. Qa4 Qb6 14. b3 Nf5 15. g4 Nh6 16. Bxh6 Bxh6 17. Rfe1 Bg7 18. exf6 Bxf6 19. Re6 Rac8 20. Rc1 Bg7 21. Ne5 Bxe5 22. Rxe5 c5 23. Rxd5 Qf6 24. Rf1 Qf3 25. Qc4 Kh8 26. Rxc5 Rxc5 27. dxc5 Rf4 28. Qe6 Qxh3 29. Qe5+ Rf6 30. f3 Kg8 31. b4 Rxf3 32. Qd5+ 1-0


[Site "https://www.chess.com"]

[Event "Titled Tuesday Blitz February 22 Late 2022"]
[White "Novikov, Evgenij"]
[Black "Sarkar, Justin"]
[WhiteFideId "4125380"]
[BlackFideId "2010011"]
[WhiteElo "2242"]
[BlackElo "2038"]
[Result "1-0"]
[Round "03"]
[TimeControl "180+1"]
[Date "2022.02.23"]
[WhiteClock "0:00:07"]
[BlackClock "0:00:01"]

1. e4 c5 2. Nf3 Nc6 3. d4 cxd4 4. Nxd4 Nf6 5. Nc3 d6 6. Nxc6 bxc6 7. Bd3 e5 8. O-O Be7 9. h3 O-O 10. f4 exf4 11. Bxf4 Qb6+ 12. Kh1 Qxb2 13. Qd2 Be6 14. Rab1 Qa3 15. Rb7 Rfe8 16. Bg5 Nd7 17. Nd5 cxd5 18. exd5 Bxg5 19. Qxg5 h6 20. Qh5 Qc5 21. Rxd7 Qxd5 22. Qxd5 Bxd5 23. Rxd6 Bxa2 24. Rd7 Be6 25. Rc7 a5 26. Ra1 Rec8 27. Rb7 a4 28. Ra3 Bd5 29. Rb4 Bc6 30. Rc4 Kf8 31. Kh2 Ke7 32. h4 Kd6 33. h5 Rab8 34. Be4 Bxe4 35. Rxe4 Rxc2 36. Raxa4 Rb5 37. Ra6+ Rc6 38. Rd4+ Kc5 39. Raa4 Kb6 40. g4 Rc2+ 41. Kg3 Rb3+ 42. Kf4 Rf2+ 43. Ke5 Re3+ 44. Kd6 Rf6+ 45. Kd7 Re5 46. Rab4+ Rb5 47. Rbc4 Rc5 48. Rb4+ Rb5 49. Ra4 Ra5 50. Rdb4+ Kc5 51. Rxa5+ Kxb4 52. Rf5 Rxf5 53. gxf5 Kc5 54. Ke7 Kd5 55. Kxf7 Ke5 56. Kg6 Kf4 57. f6 gxf6 58. Kxh6 f5 59. Kg7 Kg4 60. h6 f4 61. h7 f3 62. h8=Q f2 63. Qh1 Kg3 64. Qf1 1-0


[Site "https://www.chess.com"]

[Event "Titled Tuesday Blitz February 22 Late 2022"]
[White "Papp, Petra"]
[Black "Saveliev, Alexei"]
[WhiteFideId "739049"]
[BlackFideId "24128546"]
[WhiteElo "2259"]
[BlackElo "2281"]
[Result "0-1"]
[Round "03"]
[TimeControl "180+1"]
[Date "2022.02.23"]
[WhiteClock "0:01:20"]
[BlackClock "0:01:25"]

1. d4 g6 2. e4 Bg7 3. Nc3 d6 4. Nf3 Nc6 5. Be2 Bg4 6. Be3 Bxf3 7. Bxf3 e5 8. Ne2 Nf6 9. c3 O-O 10. Qd2 Qe8 11. Ng3 Nd7 12. O-O-O f5 13. exf5 gxf5 14. Bd5+ Kh8 15. f4 e4 16. Nf1 Nf6 17. Bb3 Na5 18. Bf2 Nxb3+ 19. axb3 e3 20. Qxe3 Ne4 21. Nd2 a5 22. Nxe4 fxe4 23. Kb1 a4 24. b4 Qf7 25. d5 a3 26. b3 a2+ 27. Kb2 Qxf4 28. Qxe4 Qxe4 0-1


[Site "https://www.chess.com"]

[Event "Titled Tuesday Blitz February 22 Late 2022"]
[White "Paravyan, David"]
[Black "Rorrer, Grayson"]
[WhiteFideId "4194985"]
[BlackFideId "30944996"]
[WhiteElo "2569"]
[BlackElo "2122"]
[Result "1-0"]
[Round "03"]
[TimeControl "180+1"]
[Date "2022.02.22"]
[WhiteClock "0:00:58"]
[BlackClock "0:00:22"]

1. e4 e5 2. Nf3 Nc6 3. Nc3 Nf6 4. d4 Bb4 5. Nxe5 Qe7 6. Qd3 Nxe5 7. dxe5 Qxe5 8. Bd2 O-O 9. O-O-O d6 10. f3 Bd7 11. Kb1 a5 12. Be2 b5 13. f4 Qe7 14. Bf3 Rab8 15. Rhe1 Be6 16. Nd5 Bxd5 17. exd5 Qd7 18. c3 Bc5 19. f5 b4 20. c4 b3 21. a3 Qa4 22. Bc3 Nd7 23. f6 Ne5 24. Rxe5 dxe5 25. fxg7 Rfe8 26. Qf5 Bd4 27. Be4 Kxg7 28. Rxd4 exd4 29. Bxd4+ Kf8 30. Bc5+ Re7 31. Qf6 1-0


[Site "https://www.chess.com"]

[Event "Titled Tuesday Blitz February 22 Late 2022"]
[White "Pavlidou, Ekaterini"]
[Black "Blohberger, Felix"]
[WhiteFideId "4213262"]
[BlackFideId "1632051"]
[WhiteElo "2127"]
[BlackElo "2474"]
[Result "0-1"]
[Round "03"]
[TimeControl "180+1"]
[Date "2022.02.23"]
[WhiteClock "0:00:17"]
[BlackClock "0:00:06"]

1. d4 Nf6 2. c4 g6 3. Nc3 Bg7 4. e4 d6 5. Bd3 O-O 6. Nge2 e5 7. d5 a5 8. h3 Na6 9. Be3 Nc5 10. Bc2 Bd7 11. g4 c6 12. Qd2 cxd5 13. exd5 Rc8 14. Ng3 Ne8 15. g5 b6 16. h4 Qe7 17. h5 Nc7 18. a4 N7a6 19. Nce4 Nb4 20. Nxc5 bxc5 21. Be4 Rb8 22. Qe2 Na6 23. O-O-O Rb4 24. hxg6 fxg6 25. Rxh7 Kxh7 26. Qh5+ Kg8 27. Qxg6 Rxc4+ 28. Kb1 Rxe4 29. Qxe4 Qf7 30. g6 Qf5 31. Nxf5 Bxf5 32. f3 Nb4 33. Bg5 Bxe4+ 34. fxe4 Rf2 35. Be7 Bf8 36. Bh4 Rf4 37. Rh1 Rg4 38. Bf6 Rxg6 39. Bd8 Rg4 40. Bxa5 Rxe4 41. Bc7 Nxd5 42. Bd8 Rxa4 43. Rd1 Nf4 44. Rg1+ Kf7 45. Bg5 Rd4 46. Rf1 Be7 47. Bxf4 Rxf4 48. Rh1 Ke6 49. Rh6+ Bf6 50. Rh7 Rb4 51. Kc2 e4 52. Rh5 Rxb2+ 53. Kd1 c4 54. Kc1 d5 55. Rh6 c3 56. Rh1 Bg5+ 57. Kd1 Rb1+ 0-1


[Site "https://www.chess.com"]

[Event "Titled Tuesday Blitz February 22 Late 2022"]
[White "Peterson, Eric"]
[Black "Al Hosani, Omran"]
[WhiteFideId "14908395"]
[BlackFideId "9308733"]
[WhiteElo "2195"]
[BlackElo "2246"]
[Result "0-1"]
[Round "03"]
[TimeControl "180+1"]
[Date "2022.02.23"]
[WhiteClock "0:00:43"]
[BlackClock "0:00:27"]

1. e4 c6 2. d4 d5 3. exd5 cxd5 4. c4 dxc4 5. Bxc4 e6 6. Nc3 Nf6 7. Nf3 Be7 8. O-O O-O 9. Be3 Nbd7 10. Qe2 Nb6 11. Bb3 Bd7 12. Rfd1 Bc6 13. Ne5 Bd5 14. Nxd5 Nbxd5 15. Rac1 Rc8 16. a3 Qb6 17. Bc4 Nxe3 18. fxe3 Rfd8 19. Kh1 Bd6 20. Nf3 Ne4 21. Bd3 Nf6 22. e4 Bf4 23. Rxc8 Rxc8 24. g3 Bh6 25. Kg2 Ng4 26. Kh1 Be3 27. Rf1 Bxd4 28. e5 Nf2+ 29. Kg2 Nxd3 30. Qxd3 Qxb2+ 31. Kh3 Bxe5 32. Rd1 Bf6 33. Qd7 Rf8 34. a4 h6 35. Rd2 Qb3 36. Kg2 Rd8 37. Qxd8+ Bxd8 38. Rxd8+ Kh7 39. Rd4 a6 40. Re4 Qc2+ 0-1


[Site "https://www.chess.com"]

[Event "Titled Tuesday Blitz February 22 Late 2022"]
[White "Petrovic, Aleksa"]
[Black "Naroditsky, Daniel"]
[WhiteFideId "967629"]
[BlackFideId "2026961"]
[WhiteElo "2139"]
[BlackElo "2608"]
[Result "0-1"]
[Round "03"]
[TimeControl "180+1"]
[Date "2022.02.23"]
[WhiteClock "0:00:02"]
[BlackClock "0:00:08"]

1. d4 Nf6 2. c4 g6 3. Nc3 Bg7 4. e4 d6 5. Nf3 O-O 6. Be2 e5 7. dxe5 dxe5 8. Qxd8 Rxd8 9. Bg5 Re8 10. Nd5 Nxd5 11. cxd5 c6 12. Bc4 cxd5 13. Bxd5 Nd7 14. Nd2 h6 15. Be3 Nf6 16. Bb3 Ng4 17. Bc5 Be6 18. f3 Nf6 19. Bxe6 Rxe6 20. Ke2 Rc6 21. Rac1 Rac8 22. Nb3 Nh5 23. g3 f5 24. Bf2 fxe4 25. fxe4 Nf6 26. Rxc6 Rxc6 27. Rc1 Ra6 28. a3 Nxe4 29. Rc8+ Kh7 30. Be3 Nd6 31. Rc7 b6 32. Nc1 Nf5 33. Nd3 e4 34. Nb4 Ra5 35. g4 Nxe3 36. Kxe3 h5 37. gxh5 Rxh5 38. Rc2 Rh4 39. Rg2 Bh6+ 40. Ke2 Rh3 41. Nd5 Rb3 42. Kf1 e3 43. Re2 Rd3 44. Nc3 Bg7 45. Rc2 Bxc3 46. Rxc3 Rd1+ 47. Ke2 Rd2+ 48. Kxe3 Rxb2 49. Rc7+ Kh6 50. Rxa7 Rxh2 51. Rb7 Rb2 52. a4 Rb4 53. Kf3 Kg5 54. Kg3 Rb3+ 55. Kg2 Rb4 56. Kg3 Kf5 57. Rf7+ Ke6 58. Rg7 Kf6 59. Rb7 Ke5 60. Re7+ Kd5 61. Rb7 Kc5 62. Ra7 Kc4 63. Kf4 Kb3+ 64. Kg5 Rxa4 65. Rb7 Rb4 66. Kxg6 b5 67. Kf5 Kc4 68. Ke4 Rb1 69. Rc7+ Kb3 70. Kd3 b4 71. Kd2 Rh1 72. Rb7 Ra1 73. Rb8 Rb1 74. Rb7 Rh1 75. Rb8 Ka3 76. Ra8+ Kb2 77. Rb8 b3 78. Rb7 Rh2+ 79. Kd1 Rh1+ 80. Kd2 Rh6 81. Rb8 Rd6+ 82. Ke2 Kc2 83. Rc8+ Kb1 84. Rb8 b2 85. Rb5 Ra6 86. Rb8 Ka2 87. Kd2 b1=Q 0-1


[Site "https://www.chess.com"]